 Dungeon Crawl Stone Soup version 0.28.0-49-g6dfe1f597d (webtiles) character file.

Game seed: 11347717091471778056

131 safid the Chopper (level 5, -6/46 HPs)
             Began as a Hill Orc Fighter on May 12, 2022.
             Was a Follower of Ru.
             Mangled by an orc
             ... wielding a +1 hand axe of electrocution
              (17 damage)
             ... on level 2 of the Dungeon.
             The game lasted 00:04:21 (2019 turns).

safid the Chopper (Hill Orc Fighter)                Turns: 2019, Time: 00:04:22

Health: -6/46      AC:  9    Str: 21    XL:     5   Next: 14%
Magic:  5/5        EV:  9    Int:  8    God:    Ru [*.....]
Gold:   50         SH:  0    Dex: 10    Spells: 4/4 levels left

rFire   . . .      SeeInvis .   a - +0 war axe
rCold   . . .      Faith    .   c - +0 buckler
rNeg    . . .      Spirit   .   b - +0 scale mail
rPois   .          Reflect  .   i - +0 helmet
rElec   .          Harm     .   (no cloak)
rCorr   .          Rampage  .   k - +0 pair of gloves
Will    .....                   (no boots)
Stlth   ..........              (no amulet)
HPRegen 0.15/turn               (no ring)
MPRegen 0.09/turn               (no ring)

@: confused, lethally poisoned (-6 -> -18)
A: no earth magic, no hexes magic, no necromancy magic
a: Renounce Religion


You were on level 2 of the Dungeon.
You worshipped Ru.
Ru was aware of your devotion.
You visited 1 branch of the dungeon, and saw 2 of its levels.

You collected 50 gold pieces.

Inventory:

Hand Weapons
 a - a +0 war axe (weapon)
Missiles
 m - 6 javelins (quivered)
Armour
 b - a +0 scale mail (worn)
 c - a +0 buckler (worn)
 i - a +0 helmet (worn)
 k - a +0 pair of gloves (worn)
Scrolls
 e - a scroll of enchant weapon {unknown}
 f - a scroll of torment {unknown}
 h - a scroll of identify {unknown}
 j - a scroll of blinking {unknown}
Potions
 d - a potion of might
 g - a potion of cancellation {unknown}
 l - a potion of flight {unknown}


   Skills:
 - Level 4.0 Fighting
 + Level 5.4 Axes
 - Level 4.0 Armour
 - Level 4.0 Shields


You had 4 spell levels left.
You didn't know any spells.
Your spell library contained the following spells:

 Spells                   Type           Power      Damage    Failure   Level
 Scorch                   Fire           0%         2d5       92%         2
 Flame Wave               Conj/Fire      0%         2d4       100%        4
 Summon Cactus Giant      Summ           0%         N/A       100%        6


Dungeon Overview and Level Annotations

Branches:
Dungeon (2/15)

Altars:
Ru


Innate Abilities, Weirdness & Mutations

You cannot study or cast Earth magic.
You cannot study or cast Hexes magic.
You cannot study or cast Necromancy magic.


Message History

The orc is heavily wounded.
You hit the orc but do no damage. You miss something.
The orc closely misses you. x2; Something hits you but does no damage.
The orc closely misses you.
You closely miss the orc.
The orc is heavily wounded.
You slash something! You barely miss the orc.
The orc hits you with a +2 short sword of speed.
The orc closely misses you. Something hits you but does no damage.
The orc hits you but does no damage.
You hit the orc.
The orc is almost dead.
You miss something. You hit the orc but do no damage.
The orc hits you with a +1 hand axe of electrocution.
Something hits you but does no damage. The orc closely misses you.
You hit the orc but do no damage.
The orc is almost dead.
You hit something. You completely miss the orc. The orc barely misses you.
You block the orc's attack.
You hear some strange, mumbled words.
A puff of flame appears from out of thin air!
The puff of flame hits you! The orc hits you but does no damage.
The orc hits you with a +1 hand axe of electrocution.
You hear some strange, mumbled words.
You are confused.
The orc hits you with a +2 short sword of speed.
You closely miss the orc.
The orc is almost dead.
The orc hits you but does no damage.
You are electrocuted!
* * * LOW HITPOINT WARNING * * *
The orc jeers loudly.
Unknown command.
You bump into the rock wall.
Unknown command.
You closely miss the orc.
The orc is almost dead.
You barely miss the orc. The orc hits you but does no damage.
You are lethally poisoned!
The orc hits you but does no damage.
You are electrocuted!
You die...

#.##.########.# #....
############ #.#
#.... !.#...[...# #.#
#.... .'.......# ####
#.... #.......#...
#...# #.......'...
#...# #..o{o..# #...#
##o## ##'## #o@.# #.#
#8.8# #.# #?..# #.#
##.## #.# #'# #.#
##.# #.# #..# #.#
#.##.##############.#
#...................#


You could see 4 orcs.

Vanquished Creatures
  Robin (D:2)
  4 gnolls
  An adder (D:2)
  An ufetubus (D:2)
  2 worms (D:2)
  A dart slug (D:1)
  An orc (D:2)
  5 ball pythons
  2 endoplasms (D:2)
  12 goblins
  6 hobgoblins
  3 jackals (D:2)
  4 kobolds
  2 quokkas
  4 bats
  3 frilled lizards
  5 rats
57 creatures vanquished.

Notes
Turn   | Place    | Note
-------+----------+-------------------------------------------
     0 | D:1      | safid the Hill Orc Fighter began the quest for the Orb.
     0 | D:1      | Reached XP level 1. HP: 19/19 MP: 1/1
   119 | D:1      | Reached XP level 2. HP: 27/27 MP: 2/2
   128 | D:1      | Reached skill level 3 in Axes
   193 | D:1      | Found a faded altar of an unknown god.
   562 | D:1      | Prayed at the altar of an unknown god.
   562 | D:1      | Became a worshipper of Ru the Awakened
   573 | D:2      | Gained mutation: You cannot study or cast Earth magic. [Ru
                  | sacrifice]
   573 | D:2      | Gained mutation: You cannot study or cast Hexes magic. [Ru
                  | sacrifice]
   573 | D:2      | Gained mutation: You cannot study or cast Necromancy magic.
                  | [Ru sacrifice]
   573 | D:2      | Reached * piety under Ru
   628 | D:2      | Noticed Robin
   644 | D:2      | Reached XP level 3. HP: 3/33 MP: 3/3
   646 | D:2      | HP: 1/33 [Robin/+0 dagger (2)]
   648 | D:2      | Killed Robin
  1097 | D:1      | Reached XP level 4. HP: 20/40 MP: 4/4
  1256 | D:2      | Reached skill level 4 in Axes
  1597 | D:2      | Reached skill level 5 in Axes
  1639 | D:2      | Reached XP level 5. HP: 43/46 MP: 5/5
  2006 | D:2      | Found the +1 Delatra's gloves {ID++}
  2019 | D:2      | Mangled by an orc

Illustrated notes

Levels and vault maps discovered:
D:1:      lemuel_arrival_broad_hall, layout_rooms,
          ebering_ecumenical_altar_abandoned, hangedman_glass_teeth
D:2:      layout_basic, pf_guarded_unrand_delatra, uniq_robin

Skill      XL: |  1  2  3  4 |
---------------+-------------+-----
Axes           | 3 5 |  5.4
Fighting       | 4 |  4.0
Armour         | 4 |  4.0
Shields        | 4 |  4.0

Action                   |  1- 3 |  4- 6 || total
-------------------------+-------+-------++-------
Melee: War axe           |    77 |    74 ||   151
Invok: Sacrifice Arcana  |     1 |       ||     1
Armor: Scale mail        |    56 |    53 ||   109
Dodge: Dodged            |    38 |    31 ||    69
Block: Buckler           |    17 |    17 ||    34
